 Dungeon Crawl Stone Soup version 0.29.1-15-g9cfb28693d (webtiles) character file.

Game seed: 10643191213923483591

50 raph the Poker (level 3, -5/31 HPs)
             Began as a Minotaur Monk on Apr 24, 2023.
             Slain by Crazy Yiuf
             ... wielding a +3 quarterstaff of chaos
              (6 damage)
             ... while petrified by Crazy Yiuf
             ... on level 2 of the Dungeon.
             The game lasted 00:02:40 (1408 turns).

raph the Poker (Minotaur Monk)                      Turns: 1408, Time: 00:02:41

Health: -5/31      AC:  4    Str: 15    XL:     3   Next: 55%
Magic:  2/2        EV:  2    Int:  7    God:
Gold:   29         SH:  0    Dex: 14    Spells: 2/2 levels left

rFire   . . .      SeeInvis .   a - +0 spear
rCold   . . .      Faith    .   (no shield)
rNeg    + + +      Spirit   .   i - +0 leather armour
rPois   ∞          Reflect  .   (helmet restricted)
rElec   .          Harm     .   o - +0 cloak
rCorr   .          Rampage  .   (no gloves)
Will    .....                   (no boots)
Stlth   ++........              (no amulet)
HPRegen 0.10/turn               (no ring)
MPRegen 0.08/turn               (no ring)

@: petrified
A: horns 2, retaliatory headbutt
a: no special abilities


You were on level 2 of the Dungeon.
You visited 1 branch of the dungeon, and saw 2 of its levels.

You collected 68 gold pieces.
You spent 39 gold pieces at shops.

Inventory:

Hand Weapons
 a - a +0 spear (weapon)
Missiles
 f - 5 silver javelins (quivered)
 h - 8 poisoned darts
Armour
 b - a +0 robe
 i - a +0 leather armour (worn)
 o - a +0 cloak (worn)
Scrolls
 j - 2 scrolls of teleportation {unknown}
 k - a scroll of magic mapping {unknown}
 l - a scroll of blinking {unknown}
 p - 2 scrolls of enchant armour {unknown}
Potions
 c - a potion of ambrosia
 d - 2 potions of attraction {unknown}
 e - 2 potions of curing
 g - a potion of magic {unknown}
 m - 2 potions of lignification {unknown}
 n - a potion of flight {unknown}


   Skills:
 - Level 3.6 Fighting
 + Level 5.6 Polearms
 - Level 3.2 Dodging
 - Level 1.5 Stealth


You had 2 spell levels left.
You didn't know any spells.
Your spell library contained the following spells:

 Spells                   Type           Power      Damage    Failure   Level
 Summon Small Mammal      Summ           0%         N/A       50%         1
 Call Canine Familiar     Summ           0%         N/A       86%         3
 Summon Guardian Golem    Hex/Summ       0%         N/A       86%         3


Dungeon Overview and Level Annotations

Branches:
Dungeon (2/15)

Altars:

Shops:
D:1 *!*

Annotations:
D:2 Crazy Yiuf


Innate Abilities, Weirdness & Mutations

You have a pair of horns on your head.
You reflexively headbutt those who attack you in melee.


Message History

The kobold hits you with a +0 whip.
You hit the kobold.
You kill the kobold!
No target in view!
No target in view!
You now have enough gold to buy a fizzy coppery potion on D:1, buy a scroll labelled GIELI SAMAVE on D:1, buy a scroll labelled HEMNER IKEI on D:1, buy a scroll labelled HYNIEPS TUAJ on D:1, or buy a scroll labelled KOPIN MUCLYHOM on D:1.
You can access your shopping list by pressing '$'.
You now have 29 gold pieces (gained 15).
Things that are here:
a +0 whip; 3 stones
p - 2 scrolls labelled ASTREW HYF GOL (gained 1)
Found a hammer.
Found a runed translucent door.
Crazy Yiuf shouts!
You open the door.
You reach to attack!
You hit Crazy Yiuf.
Crazy Yiuf is moderately wounded.
You barely miss Crazy Yiuf. Your headbutt misses Crazy Yiuf.
Crazy Yiuf is moderately wounded.
Crazy Yiuf hits you with a +3 quarterstaff of chaos.
You are slowing down.
You barely miss Crazy Yiuf.
You headbutt Crazy Yiuf, but do no damage.
Crazy Yiuf is moderately wounded.
Crazy Yiuf barely misses you.
Your limbs are stiffening.
You hit Crazy Yiuf.
Crazy Yiuf is moderately wounded.
Crazy Yiuf hits you with a +3 quarterstaff of chaos!
Crazy Yiuf burns you.
You have turned to stone.
Crazy Yiuf hits you with a +3 quarterstaff of chaos!
Crazy Yiuf laughs, "Announcement hand shrimp!"
Crazy Yiuf hits you with a +3 quarterstaff of chaos!
* * * LOW HITPOINT WARNING * * *
Crazy Yiuf freezes you.
* * * LOW HITPOINT WARNING * * *
Crazy Yiuf hits you with a +3 quarterstaff of chaos!
* * * LOW HITPOINT WARNING * * *
Crazy Yiuf freezes you.
Crazy Yiuf twirls on the spot.
Crazy Yiuf hits you with a +3 quarterstaff of chaos!
You die...

#...###....................####..
#...# #....###########.....# ##.
#...###....# #.....######
#..........# ##### #.....#...##
#..........# #)..# #.....#.....
#..........# #...# #...........
##.........# ... ......
###.......# #g# ...... #.......#
♣@♣♣ #..... #.......# ♣♣.♣ ......
#.......# ♣.♣♣ ......
####.......# ♣♣.♣ ......
#........### ♣♣.♣♣ ......
#..........# ♣♣...♣ ......
#..........# ♣....♣ ......
#..........# ##..## ......
#..........####....###.# #####.


You could see Crazy Yiuf.

Vanquished Creatures
  4 dart slugs
  2 ball pythons
  5 endoplasms (D:1)
  3 giant cockroaches
  2 hobgoblins (D:1)
  6 jackals (D:1)
  A quokka (D:1)
  5 bats
  2 frilled lizards (D:1)
  5 kobolds
  4 rats
39 creatures vanquished.

Notes
Turn   | Place    | Note
-------+----------+-------------------------------------------
     0 | D:1      | raph the Minotaur Monk began the quest for the Orb.
     0 | D:1      | Reached XP level 1. HP: 19/19 MP: 0/0
    74 | D:1      | Reached skill level 4 in Polearms
   142 | D:1      | Found Hoan's General Store.
   150 | D:1      | Reached XP level 2. HP: 26/26 MP: 1/1
   359 | D:1      | Reached skill level 5 in Polearms
   398 | D:1      | Reached XP level 3. HP: 31/31 MP: 2/2
   482 | D:1      | Found Ripnaus's Assorted Antiques.
   544 | D:1      | Found Afuj's Distillery.
   791 | D:2      | Found a faded altar of an unknown god.
   900 | D:1      | Bought a potion of curing for 39 gold pieces
  1396 | D:2      | Found a runed translucent door.
  1397 | D:2      | Noticed Crazy Yiuf
  1407 | D:2      | HP: 1/31 [Crazy Yiuf/+3 quarterstaff of chaos (5)]
  1408 | D:2      | Slain by Crazy Yiuf

Illustrated notes

Levels and vault maps discovered:
D:1:      ebering_trefoil_twist, layout_basic, serial_shops, shop, shop,
          nicolae_shop_waterfront
D:2:      layout_basic, hellmonk_ecumenical_altar_arch_garden,
          cheibrodos_gnoll_hut, uniq_crazy_yiuf_cottage, uniq_natasha

Skill      XL: |  1  2 |
---------------+-------+-----
Polearms       | 4 5 |  5.6
Fighting       | |  3.6
Dodging        | |  3.2
Stealth        | |  1.5

Action                   || total
-------------------------++-------
Melee: Spear             ||   123
       Headbutt          ||    12
       Punch             ||     1
 Stab: Sleeping          ||     4
Armor: Robe              ||     5
       Leather armour    ||     9
Dodge: Dodged            ||    55
